 Dungeon Crawl Stone Soup version 0.30-a0-313-gae38170b09 (webtiles) character file.

Game seed: 6630071243452897898

4496 Hlep the Destroyer (level 10, -8/50 HPs)
             Began as a Deep Elf Conjurer on Oct 26, 2022.
             Was a Follower of Qazlal.
             Splashed by a brown ugly thing's acid (10 damage)
             ... on level 8 of the Dungeon.
             The game lasted 00:31:58 (9963 turns).

Hlep the Destroyer (Deep Elf Conjurer)              Turns: 9963, Time: 00:31:59

Health: -8/50      AC:  0    Str:  4    XL:     10   Next: 16%
Magic:  16/24      EV: 13    Int: 28    God:    Qazlal [*.....]
Gold:   467        SH:  1    Dex: 13    Spells: 12/26 levels left

rFire   . . .      SeeInvis .    p - staff of air
rCold   . . .      Faith    .    (no shield)
rNeg    . . .      Spirit   .    m - +0 robe
rPois   .          Reflect  .    j - +0 helmet
rElec   +          Harm     .    (no cloak)
rCorr   .          Rampage  .    (no gloves)
Will    +....                    g - +0 pair of boots
Stlth   ++........               (no amulet)
HPRegen 0.28/turn                (no ring)
MPRegen 0.19/turn                (no ring)

@: corroded
A: no striking features
a: Renounce Religion


You were on level 8 of the Dungeon.
You worshipped Qazlal.
Qazlal was aware of your devotion.
You visited 2 branches of the dungeon, and saw 9 of its levels.

You collected 467 gold pieces.

Inventory:

Missiles
 u - 2 throwing nets
Armour
 c - a +0 buckler
 g - a +0 pair of boots (worn)
 j - a +0 helmet (worn)
 m - a +0 robe (worn)
 y - an orb of mayhem
Magical Staves
 p - a staff of air (weapon)
Jewellery
 k - an amulet of faith
 n - a ring of ice
Wands
 o - a wand of quicksilver (1)
 q - a wand of charming (13)
 w - a wand of iceblast (4)
 z - a wand of polymorph (11)
Scrolls
 a - 3 scrolls of amnesia
 f - 6 scrolls of teleportation
 l - 4 scrolls of enchant weapon
 A - a scroll of identify
Potions
 b - a potion of magic
 d - 2 potions of cancellation
 e - 3 potions of haste
 h - a potion of heal wounds
 i - 2 potions of flight
 r - 3 potions of curing
 s - a potion of might
 t - 2 potions of attraction
 v - a potion of lignification {unknown}
 x - a potion of brilliance


   Skills:
 + Level 1.4 Staves
 + Level 4.2 Dodging
 - Level 2.4 Stealth
 * Level 4.2 Shields
 + Level 8.6 Spellcasting
 * Level 10.7 Conjurations
 * Level 6.4 Hexes
 * Level 5.8 Air Magic
 + Level 0.2 Evocations


You had 12 spell levels left.
You knew the following spells:

 Your Spells              Type           Power      Damage    Failure   Level
a - Magic Dart            Conj           100%       1d8       1%          1
b - Searing Ray           Conj           100%       2d8       1%          2
c - Fulminant Prism       Conj/Hex       28%        3d14      1%          4
d - Static Discharge      Conj/Air       100%       2-7/arc   1%          2
e - Lightning Bolt        Conj/Air       36%        1d54      4%          5

Your spell library contained the following spells:

 Spells                   Type           Power      Damage    Failure   Level
 Dazzling Flash           Conj/Hex       100%       N/A       1%          3
 Vhi's Electric Charge    Tloc/Air       84%        N/A       4%          3
 Iskenderun's Mystic Bla  Conj/Tloc      42%        2d10      4%          4
 Arcjolt                  Conj/Air       36%        1d46      4%          5


Dungeon Overview and Level Annotations

Branches:
Dungeon (8/15)             Temple (1/1) D:7            Lair (0/5) D:8

Altars:
Ashenzari
Cheibriados
Dithmenos
Elyvilon
Fedhas
Gozag
Hepliaklqana
Kikubaaqudgha
Makhleb
Nemelex Xobeh
Okawaru
Qazlal
Ru
Sif Muna
Trog
Uskayaw
Vehumet
Wu Jian
Xom
Yredelemnul
Zin

Shops:
D:2 :   D:6 =


Message History

Aim: a brown ugly thing (83% to hit)
The searing ray hits the brown ugly thing!
The brown ugly thing is lightly wounded. (Press . to maintain the ray.)
The searing ray hits the brown ugly thing!
The brown ugly thing is moderately wounded.
The searing ray hits the brown ugly thing.
The brown ugly thing is heavily wounded.
The brown ugly thing punches you.
You are splashed with acid!
The searing ray hits the brown ugly thing!
The brown ugly thing is heavily wounded.
You finish channelling your searing ray.
The brown ugly thing punches you!
You are splashed with acid!
Casting: Searing Ray (safe; 1% risk of failure)
Confirm with . or Enter, or press ? or * to list all spells.
You feel a surge of power!
The brown ugly thing is struck by an arc of lightning!
The brown ugly thing is severely wounded.
You resist.
You are struck by an arc of lightning.
The brown ugly thing is struck by an arc of lightning!
The brown ugly thing is severely wounded.
The lightning grounds out.
The brown ugly thing punches you!
* * * LOW HITPOINT WARNING * * *
You are splashed with acid.
* * * LOW HITPOINT WARNING * * *
Casting: Static Discharge (safe; 1% risk of failure)
Confirm with . or Enter, or press ? or * to list all spells.
You feel a surge of power!
The brown ugly thing is struck by an arc of lightning.
The brown ugly thing is almost dead.
You resist.
You are struck by an arc of lightning.
* * * LOW HITPOINT WARNING * * *
The brown ugly thing is struck by an arc of lightning.
The brown ugly thing is almost dead.
You resist.
You are struck by an arc of lightning.
* * * LOW HITPOINT WARNING * * *
The lightning grounds out.
The brown ugly thing punches you!
* * * LOW HITPOINT WARNING * * *
The acid corrodes you!
You are splashed with acid!
You die...

########### #......u@..#
#.########.# ####.#.....##.#
...........##.#
............>.######
...................#
########.##########.#
#.#......#..........#.#
#......#.#.########.#.#########


You could see a brown ugly thing.

Vanquished Creatures
  Erica (D:8)
  Pikel (D:6)
  Sigmund (D:5)
  A steam dragon (D:8)
  3 water moccasins
  An orc warrior (D:8)
  Duvessa (D:5)
  3 black bears
  3 centaurs (D:6)
  A lemure (D:6)
  3 necrophages
  2 kobold brigands
  2 bullfrogs
  2 gnoll sergeants
  4 scorpions
  7 wights
  3 killer bees (D:8)
  Dowan (D:5)
  2 howler monkeys
  2 jellies (D:6)
  An orc priest (D:3)
  5 hounds
  5 iguanas
  2 orc wizards (D:8)
  7 gnolls
  12 adders
  2 shadow imps
  A white imp (D:6)
  An ufetubus (D:5)
  2 dart slugs
  A worm (D:3)
  17 orcs
  12 endoplasms
  6 giant cockroaches
  7 goblins
  3 hobgoblins
  A jackal (D:3)
  20 kobolds
  5 quokkas
  4 ball pythons
  4 bats
  3 frilled lizards
  4 rats
  A spectral orc (D:8)
170 creatures vanquished.

Vanquished Creatures (others)
  4 fulminant prisms
4 creatures vanquished.

Grand Total: 174 creatures vanquished

Notes
Turn   | Place    | Note
-------+----------+-------------------------------------------
     0 | D:1      | Hlep the Deep Elf Conjurer began the quest for the Orb.
     0 | D:1      | Reached XP level 1. HP: 10/10 MP: 6/6
   271 | D:1      | Reached XP level 2. HP: 15/15 MP: 5/8
   274 | D:1      | Learned a level 2 spell: Searing Ray
   328 | D:1      | Reached skill level 5 in Conjurations
   689 | D:1      | Reached XP level 3. HP: 19/19 MP: 6/9
  1007 | D:2      | Found Wyff's Book Shop.
  1609 | D:3      | Reached skill level 1 in Shields
  1609 | D:3      | Reached XP level 4. HP: 15/24 MP: 0/11
  1720 | D:3      | Found a shimmering blue altar of Sif Muna.
  2089 | D:3      | Reached skill level 6 in Conjurations
  2363 | D:3      | Found an iron altar of Okawaru.
  2455 | D:3      | Reached XP level 5. HP: 28/28 MP: 1/13
  3267 | D:4      | Found a bloodstained altar of Trog.
  3282 | D:4      | Reached XP level 6. HP: 32/32 MP: 5/14
  3387 | D:4      | Found a hide-covered altar of Uskayaw.
  3572 | D:4      | Reached skill level 7 in Conjurations
  3972 | D:4      | Found a sparkling altar of Nemelex Xobeh.
  4191 | D:4      | Learned a level 4 spell: Fulminant Prism
  4248 | D:5      | Entered Level 5 of the Dungeon
  4398 | D:5      | Reached skill level 5 in Spellcasting
  4398 | D:5      | Reached skill level 1 in Hexes
  4455 | D:5      | Reached XP level 7. HP: 36/36 MP: 11/16
  4548 | D:5      | Learned a level 2 spell: Static Discharge
  4795 | D:5      | Reached skill level 1 in Staves
  4969 | D:5      | Reached skill level 8 in Conjurations
  4969 | D:5      | Reached skill level 1 in Air Magic
  4989 | D:5      | Noticed Duvessa
  4994 | D:5      | Noticed Dowan
  5007 | D:5      | Killed Duvessa
  5069 | D:5      | Killed Dowan
  5148 | D:5      | Noticed Sigmund
  5156 | D:5      | Killed Sigmund
  5157 | D:5      | Reached XP level 8. HP: 41/41 MP: 10/19
  5958 | D:6      | Noticed Pikel
  5982 | D:6      | Killed Pikel
  5983 | D:6      | Reached skill level 9 in Conjurations
  5983 | D:6      | Reached XP level 9. HP: 35/45 MP: 9/21
  6694 | D:6      | Reached skill level 5 in Hexes
  6839 | D:6      | Found Juavui's Jewellery Boutique.
  7255 | D:7      | Found a staircase to the Ecumenical Temple.
  7365 | Temple   | Entered the Ecumenical Temple
  7559 | Temple   | Became a worshipper of Qazlal Stormbringer
  7708 | D:7      | Reached skill level 10 in Conjurations
  7714 | D:7      | Learned a level 5 spell: Lightning Bolt
  8104 | D:7      | Reached skill level 5 in Air Magic
  8332 | D:7      | Found a hazy altar of Hepliaklqana.
  8692 | D:8      | Found a staircase to the Lair.
  8924 | D:8      | Reached * piety under Qazlal
  9009 | D:8      | Found a broken altar of Ashenzari.
  9193 | D:8      | Noticed Erica
  9369 | D:8      | Found a radiant altar of Vehumet.
  9583 | D:8      | Reached XP level 10. HP: 22/50 MP: 17/24
  9725 | D:8      | Killed Erica
  9848 | D:8      | Found a basalt altar of Yredelemnul.
  9954 | D:8      | Noticed a brown ugly thing
  9963 | D:8      | HP: 2/50 [brown ugly thing (7)]
  9963 | D:8      | Splashed by a brown ugly thing's acid

Illustrated notes

Levels and vault maps discovered:
D:1:      dpeg_arrival_arbitrary_a, layout_rooms, moated_statue,
          amcnicky_mini_corridor_feature, chequers_serial_rivers_room_b,
          hangedman_glass_garden, hex_tiny, minmay_tripent
D:2:      layout_rooms, serial_shops, nicolae_diamond_shop
D:3:      wad_river_or_something, layout_basic, nicolae_sif_muna_condensation,
          okawaru_metal_pillars_3
D:4:      layout_basic, mainiacjoe_overflow_alcove_4,
          nicolae_uskayaw_dance_hall, bloody_trog
D:5:      layout_rooms, nicolae_kite_square_tiling_tiny, serial_bayou_crossing,
          uniq_duvessa, uniq_sigmund
D:6:      layout_basic, serial_shops, nicolae_inconvenience_store, uniq_pikel
D:7:      layout_basic, worldfamousw_hep_ancestral_shrine,
          minmay_temple_entry_purple_smoke
D:8:      layout_basic, mainiacjoe_overflow_tiny_flanked,
          mainiacjoe_overflow_boulevard, yredelemnul_forgotten_temple_becter,
          lair_entry_dummy, uniq_erica
Temple:   chequers_temple_sunken

Skill      XL: |  1  2  3  4  5  6  7  8  9 |
---------------+----------------------------+-----
Conjurations   | 5 6 7 8 9 10 | 10.7
Shields        | 1 2 3 4 |  4.2
Spellcasting   | 4 5 6 7 8 |  8.6
Hexes          | 1 3 4 6 |  6.4
Dodging        | 3 4 |  4.2
Staves         | 1 |  1.4
Air Magic      | 2 4 5 |  5.8
Stealth        | |  2.4
Evocations     | |  0.2

Action                   |  1- 3 |  4- 6 |  7- 9 | 10-12 || total
-------------------------+-------+-------+-------+-------++-------
Melee: Dagger            |     1 |       |       |       ||     1
       Short sword       |    11 |       |       |       ||    11
       Quarterstaff      |       |     8 |       |       ||     8
 Cast: Magic Dart        |    61 |    59 |    16 |       ||   136
       Searing Ray       |     2 |    21 |    19 |     3 ||    45
       Static Discharge  |       |       |   101 |     2 ||   103
       Fulminant Prism   |       |       |     3 |     1 ||     4
       Lightning Bolt    |       |       |       |     2 ||     2
Evoke: Wand              |       |       |     2 |       ||     2
  Use: Scroll            |       |     9 |    10 |       ||    19
       Potion            |       |       |     1 |       ||     1
 Stab: Sleeping          |     1 |       |       |       ||     1
Armor: Robe              |     2 |     4 |    23 |       ||    29
Dodge: Dodged            |     9 |    25 |    55 |     1 ||    90
Block: Other             |       |       |     1 |       ||     1

Table legend: (Time is in decaauts)
 A = Elapsed time spent in this place.
 B = Non-inter-level travel time spent in this place.
 C = Inter-level travel time spent in this place.
 D = Time resting spent in this place.
 E = Time spent auto-exploring this place.
 F = Levels seen in this place.
 G = Mean time per level.
                   A        B        C        D        E       F      G
               +--------+--------+--------+--------+--------+-----+--------+
         Total |  10045 |   9747 |    298 |   1643 |   6602 |   9 | 1116.1 |
       Dungeon |   9788 |   9490 |    298 |   1643 |   6410 |   8 | 1223.5 |
        Temple |    257 |    257 |      0 |      0 |    191 |   1 |  257.0 |
               +--------+--------+--------+--------+--------+-----+--------+

Top non-repeatable levels by time:
     D:4: 1597 daAuts
     D:6: 1493 daAuts
     D:7: 1463 daAuts
     D:5: 1379 daAuts
     D:3: 1213 daAuts
     D:8: 1157 daAuts
     D:1: 895 daAuts
     D:2: 587 daAuts
  Temple: 257 daAuts
